 Dungeon Crawl Stone Soup version 0.24-a0-584-g9d6b971 (webtiles) character file.

Game seed: 15012008145387264958, levelgen mode: deterministic

1652 COBRA the Cleaver (level 9, -10/64 HPs)
             Began as a Barachi Fighter on Sept 5, 2019.
             Was a Believer of Okawaru.
             Mangled by a two-headed ogre
             ... wielding a +0 giant club
              (12 damage)
             ... on level 9 of the Dungeon.
             The game lasted 00:09:24 (4420 turns).

COBRA the Cleaver (Barachi Fighter)                 Turns: 4420, Time: 00:09:24

Health: -10/64     AC: 14    Str: 19    XL:     9   Next: 0%
Magic:  10/12      EV:  8    Int:  9    God:    Okawaru [**....]
Gold:   335        SH: 11    Dex: 13    Spells: 8/8 levels left

rFire    . . .     SeeInvis .   B - +3 war axe of Gallantry {flame, +Inv Stlth+}
rCold    + . .     Gourm    .   c - +0 shield
rNeg     . . .     Faith    .   g - +0 chain mail
rPois    .         Spirit   .   (no helmet)
rElec    .         Reflect  .   (no cloak)
rCorr    .         Harm     .   o - +0 pair of gloves
MR       +....                  q - +1 pair of boots
Stlth    +.........             u - amulet of the acrobat
HPRegen  0.20/turn              h - ring of protection from magic
MPRegen  0.13/turn              s - ring of protection from cold

@: heroism, slow
A: +LOS, swims, slowness 1, strong legs 1
a: Hop, Heroism, Renounce Religion, Evoke Invisibility


You were on level 9 of the Dungeon.
You worshipped Okawaru.
Okawaru was pleased with you.
You were not hungry.

You visited 2 branches of the dungeon, and saw 10 of its levels.

You collected 335 gold pieces.

Inventory:

Hand Weapons
 a - a +0 war axe
 B - the +3 war axe of Gallantry (weapon) {flame, +Inv Stlth+}
   (You found it on level 8 of the Dungeon)

   It has been specially enchanted to burn those struck by it, causing extra
   injury to most foes and up to half again as much damage against particularly
   susceptible opponents.
   Big, fiery blades are also staple armaments of hydra-hunters.
   It lets you turn invisible.
   It makes you more stealthy.
Armour
 b - a +1 scale mail
 c - a +0 shield (worn)
 g - a +0 chain mail (worn)
 o - a +0 pair of gloves (worn)
 q - a +1 pair of boots (worn)
Jewellery
 h - a ring of protection from magic (left hand)
 i - an uncursed ring of stealth
 s - a ring of protection from cold (right hand)
 u - an amulet of the acrobat (around neck)
 y - a cursed ring of attention {unknown}
 z - an uncursed ring of stealth
Wands
 e - a wand of random effects (21)
 t - a wand of clouds (6)
 v - a wand of paralysis (11)
Scrolls
 j - 5 scrolls of remove curse
 l - 7 scrolls of teleportation
 m - 3 scrolls of immolation
 p - 2 scrolls of amnesia
Comestibles
 f - 7 rations


   Skills:
 - Level 3.6(8.6) Fighting
 * Level 10.7(15.7) Axes
 - Level 3.6(8.6) Armour
 - Level 3.2(8.2) Shields
 - Level 4.6 Invocations


You had 8 spell levels left.
You didn't know any spells.
Your spell library contained the following spells:

 Spells                   Type           Power        Failure   Level  Hunger
 Animate Skeleton         Necr           N/A          100%        1    ##.....
 Apportation              Tloc           #.....       100%        1    ##.....
 Confusing Touch          Hex            #.....       100%        1    ##.....
 Summon Small Mammal      Summ           #...         100%        1    ##.....


Dungeon Overview and Level Annotations

Branches:
Dungeon (9/15)             Temple (1/1) D:7
   Lair: D:8-11         Orc: D:9-12

Altars:
Cheibriados
Dithmenos
Elyvilon
Fedhas
Gozag
Hepliaklqana
Nemelex Xobeh
Okawaru
Qazlal
Ru
Sif Muna
Trog
Xom
Yredelemnul
The Shining One


Innate Abilities, Weirdness & Mutations

Shadows flee at your approach. (+LOS)
You can swim through water.
You cover ground slowly.
You can hop short distances.


Message History

The two-headed ogre hits you but does no damage.
The two-headed ogre hits you with a +0 giant spiked club!!
You hit the two-headed ogre. You burn the two-headed ogre.
The two-headed ogre is lightly wounded.
You slash the two-headed ogre! You burn the two-headed ogre.
The two-headed ogre is moderately wounded.
The two-headed ogre hits you with a +0 giant club!
* * * LOW HITPOINT WARNING * * *
The two-headed ogre hits you with a +0 giant spiked club.
* * * LOW HITPOINT WARNING * * *
The phantom blinks!
You are too injured to fight recklessly!
You aren't carrying any potions.
Unknown command.
As you read the scroll of fear, it crumbles to dust.
You assume a fearsome visage.
The two-headed ogre easily resists.
The two-headed ogre hits you with a +0 giant club!
* * * LOW HITPOINT WARNING * * *
The two-headed ogre hits you with a +0 giant spiked club!
You die...

###############
#............<#
#.#############
#.# #@# # #O#
#. #ยง# #..#.#
#....# #....#
.....#..#
......#..#
..... ....


You could see a two-headed ogre.

Vanquished Creatures
  A wyvern (D:8)
  Grum (D:8)
  A black bear (D:6)
  An ice beast (D:5)
  2 ogres (D:7)
  2 wolves (D:8)
  A centaur (D:5)
  Blork the orc (D:6)
  2 scorpions
  A bullfrog zombie (D:7)
  A crimson imp (D:7)
  A jelly (D:8)
  2 bullfrog skeletons
  2 hounds
  2 iguanas
  5 orc wizards
  4 worker ants
  A hound skeleton (D:7)
  A howler monkey skeleton (D:4)
  3 adders
  A shadow imp (D:7)
  An adder zombie (D:6)
  An adder skeleton (D:3)
  A dart slug (D:1)
  2 leopard geckos
  11 orcs
  2 ball pythons
  2 bats
  3 giant cockroaches
  6 goblins
  2 hobgoblins (D:1)
  9 jackals
  3 kobolds (D:3)
  3 frilled lizards
  A jackal zombie (D:7)
  A quokka skeleton (D:5)
  4 rats
88 creatures vanquished.

Vanquished Creatures (others)
  A bat (D:1)
1 creature vanquished.

Grand Total: 89 creatures vanquished

Notes
Turn   | Place    | Note
-------+----------+-------------------------------------------
     0 | D:1      | COBRA the Barachi Fighter began the quest for the Orb.
     0 | D:1      | Reached XP level 1. HP: 18/18 MP: 1/1
    64 | D:1      | Reached skill level 3 in Axes
    64 | D:1      | Reached XP level 2. HP: 24/24 MP: 2/2
   543 | D:3      | Reached XP level 3. HP: 25/29 MP: 3/3
   609 | D:3      | Reached skill level 4 in Axes
   631 | D:3      | Found an iron altar of Okawaru.
   680 | D:3      | Became a worshipper of Warmaster Okawaru
   727 | D:3      | Found a bloodstained altar of Trog.
   754 | D:3      | HP: 1/29 [worm (9)]
  1590 | D:4      | Reached XP level 4. HP: 10/36 MP: 4/4
  1614 | D:3      | HP: 1/36 [poisoned by an adder]
  1959 | D:4      | Reached skill level 5 in Axes
  1973 | D:4      | Found a shadowy altar of Dithmenos.
  2015 | D:5      | Entered Level 5 of the Dungeon
  2026 | D:5      | Reached XP level 5. HP: 22/41 MP: 5/5
  2029 | D:5      | Noticed an ice beast
  2033 | D:5      | Killed an ice beast
  2033 | D:5      | Reached skill level 6 in Axes
  2033 | D:5      | Reached XP level 6. HP: 23/47 MP: 6/6
  2125 | D:4      | Reached * piety under Okawaru
  2125 | D:4      | Reached skill level 7 in Axes
  2390 | D:6      | Reached skill level 1 in Invocations
  2890 | D:6      | Noticed Blork the orc
  2897 | D:6      | Killed Blork the orc
  2897 | D:6      | Reached XP level 7. HP: 52/52 MP: 8/8
  2997 | D:6      | Found a hazy altar of Hepliaklqana.
  3422 | D:7      | Found a staircase to the Ecumenical Temple.
  3455 | D:6      | Reached ** piety under Okawaru
  3694 | Temple   | Entered the Ecumenical Temple
  3855 | D:7      | Reached XP level 8. HP: 50/59 MP: 11/11
  3869 | D:7      | Reached skill level 8 in Axes
  4126 | D:8      | Noticed Grum
  4137 | D:8      | Killed Grum
  4137 | D:8      | Reached skill level 9 in Axes
  4151 | D:8      | Found a stormy altar of Qazlal.
  4196 | D:8      | Reached skill level 10 in Axes
  4243 | D:8      | Noticed a wyvern
  4250 | D:8      | Killed a wyvern
  4250 | D:8      | Reached XP level 9. HP: 35/64 MP: 9/12
  4278 | D:8      | Got an encrusted war axe
  4279 | D:8      | Identified the +3 war axe of Gallantry {flame, +Inv Stlth+}
                  | (You found it on level 8 of the Dungeon)
  4407 | D:9      | Noticed a two-headed ogre
  4420 | D:9      | HP: 2/64 [two-headed ogre/+0 giant club (10)]
  4420 | D:9      | Mangled by a two-headed ogre

Levels and vault maps discovered:
D:1:      dpeg_arrival_boxorama, layout_loops_ring
D:2:      layout_basic, first_ration
D:3:      layout_basic, grunt_temple_overflow_lords_of_destruction,
          lemuel_round_altar, lemuel_doored_altar,
          nicolae_overflow_crystal_walls
D:4:      layout_gridville, kennysheep_mini, grunt_temple_overflow_open,
          makhleb_heckhound_becter
D:5:      layout_basic, minmay_manual_monstrance
D:6:      layout_gridville, lemuel_round_altar, basic_altar, uniq_blork_the_orc
D:7:      layout_rooms, marbit_many_paths, minmay_temple_entry_sparse_star
D:8:      layout_basic, overflow_temple_1_default, hangedman_pestilent_swarm,
          uniq_grum
D:9:      minmay_cut_squares, layout_basic, zin_treasury
Temple:   eino_temple_lava

Skill      XL: |  1  2  3  4  5  6  7  8 |
---------------+-------------------------+-----
Axes           | 3 4 5 6 7 10 | 10.7
Invocations    | 2 4 |  4.6
Fighting       | |  3.6
Armour         | |  3.6
Shields        | |  3.2

Action                   |  1- 3 |  4- 6 |  7- 9 || total
-------------------------+-------+-------+-------++-------
Melee: War axe           |   144 |   109 |   135 ||   388
Invok: Heroism           |       |       |     6 ||     6
  Use: Scroll            |     2 |     3 |     8 ||    13
       Potion            |     4 |     1 |     1 ||     6
  Eat: Chunk             |     2 |     6 |     5 ||    13
Armor: Scale mail        |    74 |    13 |       ||    87
       Chain mail        |       |    29 |    84 ||   113
Dodge: Dodged            |    55 |    33 |    29 ||   117
Block: Shield            |    78 |    53 |    77 ||   208

Table legend:
 A = Non-vault XP
 B = Vault XP
 C = Vault XP percentage of total XP
 D = Non-vault monster count
 E = Vault monster count
 F = Vault count percentage of total count
                 A         B        C        D         E       F
            +---------+---------+-------+---------+---------+-------
      Total |    1852 |     508 |  21.5 |      84 |       4 |   4.5
            +---------+---------+-------+---------+---------+-------
        D:1 |      18 |       0 |   0.0 |      10 |       0 |   0.0
        D:2 |      24 |       0 |   0.0 |       9 |       0 |   0.0
        D:3 |      33 |       0 |   0.0 |      15 |       0 |   0.0
        D:4 |     190 |       0 |   0.0 |      11 |       0 |   0.0
        D:5 |     335 |       0 |   0.0 |       6 |       0 |   0.0
        D:6 |     284 |      99 |  25.8 |      11 |       1 |   8.3
        D:7 |     547 |       0 |   0.0 |      14 |       0 |   0.0
        D:8 |     421 |     409 |  49.3 |       8 |       3 |  27.3
            +---------+---------+-------+---------+---------+-------
